 Dungeon Crawl Stone Soup version 0.28-a0-998-gb9e9c7b67e (webtiles) character file.

Game seed: 18437997802302131960

52 Htamos the Grave Robber (level 3, -2/15 HPs)
             Began as a Felid Necromancer on Dec 6, 2021.
             Slain by a scorpion (9 damage)
             ... on level 3 of the Dungeon.
             The game lasted 00:07:57 (4959 turns).

Htamos the Grave Robber (Felid Necromancer)         Turns: 4959, Time: 00:07:58

Health: -2/15      AC:  1    Str:  4    XL:     3   Next: 60%
Magic:  7/7        EV: 17    Int: 18    God:
Gold:   41         SH:  0    Dex: 16    Spells: 2/6 levels left
                                        Lives:  0   Deaths: 0

rFire   . . .      SeeInvis +   (weapon unavailable)
rCold   . . .      Faith    .   (shield unavailable)
rNeg    . . .      Spirit   .   (armour unavailable)
rPois   .          Reflect  .   (helmet unavailable)
rElec   .          Harm     .   (cloak unavailable)
rCorr   .          Rampage  .   (gloves unavailable)
Will    .....                   (boots unavailable)
Stlth   ++........              (no amulet)
HPRegen 0.05/turn               (no ring)
MPRegen 0.10/turn               (no ring)

@: about to teleport, quick
A: very small, claws 1, fangs 3, see invisible, speed 1, shaggy fur 1, stealthy
paws, no weapons or thrown items, no armour, multi-lived
a: no special abilities


You were on level 3 of the Dungeon.
You visited 1 branch of the dungeon, and saw 4 of its levels.

You collected 118 gold pieces.
You spent 77 gold pieces at shops.

Inventory:

Missiles
 b - 137 stones
Scrolls
 a - a scroll of enchant armour
 c - a scroll of identify {@rr}
 e - a scroll of holy word
 g - a scroll of magic mapping {unknown}
 j - a scroll of vulnerability {unknown}
Potions
 d - a potion of might {unknown}
 h - a potion of heal wounds
 i - a potion of brilliance {unknown}


   Skills:
 + Level 1.6 Fighting
 - Level 2.6 Dodging
 - Level 2.6 Stealth
 - Level 2.0 Spellcasting
 * Level 5.0 Necromancy


You had 2 spell levels left.
You knew the following spells:

 Your Spells              Type           Power      Damage    Failure   Level
a - Pain                  Necr           76%        1d7       2%          1
b - Vampiric Draining     Necr           19%        2d7       7%          3

Your spell library contained the following spells:

 Spells                   Type           Power      Damage    Failure   Level
 Animate Skeleton         Necr           38%        N/A       2%          1
 Animate Dead             Necr           9%         N/A       22%         4
 Inner Flame              Hex/Fire       1%         N/A       47%         3
 Agony                    Necr           19%        N/A       54%         5
 Cause Fear               Hex            0%         N/A       87%         4
 Discord                  Hex            0%         N/A       100%        8


Dungeon Overview and Level Annotations

Branches:
Dungeon (4/15)
 Temple: D:4-7

Altars:
Xom

Shops:
D:1 ?

Annotations:
D:2 exclusion: 2 adders
D:3 exclusion: 2 downstairs


Innate Abilities, Weirdness & Mutations

You have sharp claws.
You have razor-sharp teeth.
You have supernaturally acute eyesight. (SInv)
You cover ground quickly. (Speed+)
You are covered in fur. (AC +1)
Your paws help you pounce on unaware monsters.
You are incapable of wielding weapons or throwing items.
You cannot wear armour.
You gain extra lives every three experience levels.


Message History

There is a stone staircase leading up here.
Done exploring.
Done exploring.
Done exploring.
Done exploring.
(D) Dungeon
Where to? (Enter - D:2 @ (x,y), ? - help)
There is a stone staircase leading down here.
You climb downwards.
Found a knobbly glowing staff, a hunting sling and 13 gold pieces.
There is a stone staircase leading up here.
There are monsters nearby!
Unknown command.
You climb upwards.
Level annotation: exclusion: downstairs
There is a stone staircase leading down here.
Press: ? - help, v - describe, . - travel A stone staircase leading down.
Placed new exclusion.
Reduced exclusion size to a single square.
There is a stone staircase leading down here.
You climb downwards.
The goblin shouts!
Found a fizzy black potion.
There is a stone staircase leading up here.
You aren't carrying any items that you can evoke.
The kobold shouts!
The scorpion stings you but does no damage.
You climb upwards.
Level annotation: exclusion: 2 downstairs
There is a stone staircase leading down here.
Okay, then.
As you read the scroll of teleportation, it crumbles to dust.
You feel strangely unstable. The scorpion stings you!
Ouch! That really hurt!
* * * LOW HITPOINT WARNING * * *
Unknown command.
The scorpion stings you!
Ouch! That really hurt!
You die...

#.#..... #.#..#.#
############
#......>
#..........#
#.#..#.#
######.###.#
#.#..#.# #.# #.#
#.#..#.# #.###.#
#.#..#.# #>s...#
#.#..#.# #@###.##
#.#..#.. ### #.#
#..# #....... #.#
#.###..####...##.#
#.#
#.............##.#
#.#
#.###.........##.#
#.# #.#
##.####...##.# #.#
##########.# #.#
#....... #.#
#..........#
#.####...##.. #.#
#.########.#
#........####


You could see a scorpion.

Vanquished Creatures
  A dart slug (D:2)
  3 ball pythons
  9 bats
  5 endoplasms
  A giant cockroach (D:2)
  4 goblins
  7 jackals
  4 kobolds
  3 quokkas
  4 frilled lizards
  4 rats
45 creatures vanquished.

Notes
Turn   | Place    | Note
-------+----------+-------------------------------------------
     0 | D:1      | Htamos the Felid Necromancer began the quest for the Orb.
     0 | D:1      | Reached XP level 1. HP: 7/7 MP: 4/4
   334 | D:1      | You fall into a shaft and drop 1 floor!
  1223 | D:2      | Reached XP level 2. HP: 8/12 MP: 1/6
  1480 | D:1      | Reached skill level 1 in Fighting
  2018 | D:1      | Found Nuned's Magic Scroll Shoppe.
  2027 | D:1      | Bought a scroll of identify for 22 gold pieces
  2027 | D:1      | Bought a scroll of teleportation for 33 gold pieces
  2027 | D:1      | Bought a scroll of identify for 22 gold pieces
  2713 | D:1      | Reached XP level 3. HP: 11/15 MP: 2/7
  3285 | D:2      | Learned a level 3 spell: Vampiric Draining
  3593 | D:2      | Found a faded altar of an unknown god.
  4096 | D:2      | Reached skill level 5 in Necromancy
  4430 | D:3      | Found a shimmering altar of Xom.
  4775 | D:4      | Noticed a scorpion
  4930 | D:4      | Noticed a bullfrog
  4959 | D:3      | Slain by a scorpion

Illustrated notes

Levels and vault maps discovered:
D:1:      kilobyte_arrival_exit_the_forest, layout_basic, serial_shops, shop
D:2:      layout_loops_cross, chequers_ecumenical_altar_island
D:3:      layout_basic, mainiacjoe_overflow_surrounded_room
D:4:      layout_rooms, nicolae_vehumet_radiance, old_standard_altar,
          uniq_duvessa, uniq_robin

Skill      XL: |  1  2  3 |
---------------+----------+-----
Fighting       | 1 |  1.6
Necromancy     | 5 |  5.0
Dodging        | |  2.6
Stealth        | |  2.6
Spellcasting   | |  2.0

Action                   || total
-------------------------++-------
Melee: Unarmed           ||     6
 Cast: Pain              ||    90
  Use: Scroll            ||     4
       Potion            ||     2
Armor: Skin              ||     4
Dodge: Dodged            ||    26

Table legend: (Time is in decaauts)
 A = Elapsed time spent in this place.
 B = Non-inter-level travel time spent in this place.
 C = Inter-level travel time spent in this place.
 D = Time resting spent in this place.
 E = Time spent auto-exploring this place.
 F = Levels seen in this place.
 G = Mean time per level.
                   A        B        C        D        E       F      G
               +--------+--------+--------+--------+--------+-----+--------+
         Total |   4449 |   4222 |    227 |    391 |   3319 |   4 | 1112.2 |
       Dungeon |   4449 |   4222 |    227 |    391 |   3319 |   4 | 1112.2 |
               +--------+--------+--------+--------+--------+-----+--------+

Top non-repeatable levels by time:
     D:1: 1943 daAuts
     D:2: 1437 daAuts
     D:3: 1061 daAuts
     D:4: 6 daAuts
